 Dungeon Crawl Stone Soup version 0.31-a0-1165-g196b491b36 (webtiles) character file.

Game seed: 4304847072945053995

175 Lobster4 the Shooter (level 5, -1/41 HPs)
             Began as a Human Hunter on Dec 9, 2023.
             Slain by a scorpion (6 damage)
             ... on level 4 of the Dungeon.
             The game lasted 00:05:40 (2291 turns).

Lobster4 the Shooter (Human Hunter)                 Turns: 2291, Time: 00:05:40

Health: -1/41      AC:  8    Str:  9 (11) XL:     5   Next: 86%
Magic:  5/5        EV: 11    Int:  8 (9)  God:
Gold:   119        SH:  5    Dex: 16 (19) Spells: 3/4 levels left

rFire   . . .        a - +0 shortbow
rCold   . . .        (shield currently unavailable)
rNeg    . . .        d - +0 ring mail
rPois   .            (no helmet)
rElec   .            (no cloak)
rCorr   .            e - +2 pair of gloves
SInv    .            (no boots)
Will    .....        p - amulet of reflection
Stlth   +            (no ring)
HPRegen 0.26/turn    (no ring)
MPRegen 0.09/turn

%: reflection
@: lethally poisoned (-1 -> -18), hasted, very quick
A: no striking features
a: no special abilities


You were on level 4 of the Dungeon.
You visited 1 branch of the dungeon, and saw 4 of its levels.

You collected 119 gold pieces.

Inventory:

Hand Weapons
 a - a +0 shortbow (weapon)
 b - a +0 short sword
 q - a +0 sling
Missiles
 g - 19 stones
Armour
 c - a +0 leather armour
 d - a +0 ring mail (worn)
 e - a +2 pair of gloves (worn)
Jewellery
 h - a ring of wizardry
 p - an amulet of reflection (around neck)
Scrolls
 j - a scroll of identify {unknown}
 l - a scroll of enchant weapon {unknown}
Potions
 f - a potion of resistance {unknown}
 i - a potion of haste
 k - a potion of lignification {unknown}
 m - a potion of degeneration
 n - a potion of invisibility {unknown}
 o - a potion of attraction {unknown}


   Skills:
 + Level 3.0 Fighting
 * Level 5.1 Ranged Weapons
 + Level 2.0 Armour
 + Level 3.0 Dodging
 - Level 1.0 Stealth
 + Level 0.1 Spellcasting
 + Level 0.2 Translocations


You had 3 spell levels left.
You knew the following spells:

 Your Spells              Type           Power      Damage    Failure   Level
a - Apportation           Tloc           0%         N/A       71%         1

Your spell library contained the following spells:

 Spells                   Type           Power      Damage    Failure   Level
 Necrotise                Necr           0%         1d4       75%         1
 Slow                     Hex            0%         N/A       75%         1
 Summon Small Mammal      Summ           0%         N/A       75%         1
 Scorch                   Fire           0%         2d5       87%         2
 Confusing Touch          Hex            0%         N/A       98%         3
 Sigil of Binding         Hex            0%         N/A       98%         3
 Vampiric Draining        Necr           0%         2d6       98%         3
 Flame Wave               Conj/Fire      0%         2d4       100%        4
 Summon Cactus Giant      Summ           0%         N/A       100%        6


Dungeon Overview and Level Annotations

Branches:
Dungeon (4/15)
 Temple: D:4-7

Altars:
Okawaru

Shops:
D:2 [

Annotations:
D:3 Grinder


Message History

You shoot an arrow. The arrow hits the scorpion.
The scorpion is heavily wounded.
You feel sick. The scorpion barely misses you.
The scorpion stings you but does no damage.
You shoot an arrow. The arrow hits the scorpion.
The scorpion is heavily wounded.
You feel sick.
The scorpion stings you but does no damage.
You shoot an arrow. The arrow closely misses the scorpion.
You feel sick.
You are no longer poisoned.
You block the scorpion's attack. The scorpion stings you.
You shoot an arrow. The arrow closely misses the scorpion.
The scorpion barely misses you.
You shoot an arrow. The arrow hits the scorpion.
The scorpion is almost dead.
The scorpion closely misses you. The scorpion stings you.
You shoot an arrow.
The arrow hits the scorpion but does no damage.
The scorpion is almost dead.
The scorpion closely misses you.
You shoot an arrow. The arrow barely misses the scorpion.
The scorpion stings you.
You are poisoned.
The scorpion poisons you! The scorpion stings you.
You are lethally poisoned!
The scorpion poisons you!
You are too injured to fight recklessly!
You are too injured to fight recklessly!
You are too injured to fight recklessly!
It was a potion of haste.
You feel yourself speed up.
* * * LOW HITPOINT WARNING * * *
You feel very sick.
The scorpion stings you but does no damage.
It was a potion of degeneration.
There was something very wrong with that liquid.
You feel weakened.
You feel dopey.
You feel clumsy.
* * * LOW HITPOINT WARNING * * *
You feel very sick. The scorpion stings you.
You die...

.#...#.....#...#.....,,* *,,,,
.#...#....##...#.......# *,,,,
.#..########...#.......#*****,,,,
.#..#......#...#........,,,,,,,,,
.####......#...#........,,,,,,,,,
.'..†......#,,,#........,,,,,,,,,
.#.†#......#,,,+........,,,,,,,,,
.##+#......#####.s......,,,,,,,,,
................@#*******,,,,,,,*
#....######......#,,,,,,*,,,,,,,*
#....*,,,,#......#,,,,,,*,,,,,,,*
#....*,,,,#......#,,,,,,*,,,,,,,*
#....*,,,,#.....[#,,,,,,*,,,,,,,*
#,,,,*,,,,#......#,,,,,,*,,,,,,,*
##+***,,,,#......#*****+*,,,,,,,*
.#,,,*,,,,#.......,,,,,,,,,,,,,,,
.#,,,*,,,,+,,,,,,,,,,,,,,,,,,,,,,


You could see a scorpion.

Vanquished Creatures
  A scorpion (D:2)
  5 adders
  2 dart slugs
  8 ball pythons
  8 bats
  4 endoplasms
  5 giant cockroaches
  5 hobgoblins
  3 jackals (D:4)
  2 quokkas
  3 frilled lizards (D:1)
  4 goblins
  8 kobolds
  5 rats
63 creatures vanquished.

Notes
Turn   | Place    | Note
-------+----------+-------------------------------------------
     0 | D:1      | Lobster4 the Human Hunter began the quest for the Orb.
     0 | D:1      | Reached XP level 1. HP: 16/16 MP: 1/1
   114 | D:1      | Reached XP level 2. HP: 22/22 MP: 2/2
   355 | D:1      | Reached XP level 3. HP: 27/27 MP: 3/3
   450 | D:1      | Reached skill level 1 in Armour
   947 | D:2      | Found Xoluekod's Armour Emporium.
  1077 | D:2      | Reached XP level 4. HP: 34/34 MP: 4/4
  1205 | D:2      | Noticed a scorpion
  1215 | D:2      | Killed a scorpion
  1216 | D:2      | Reached XP level 5. HP: 30/39 MP: 5/5
  1735 | D:3      | Reached skill level 5 in Ranged Weapons
  1973 | D:3      | Noticed Grinder
  2068 | D:4      | Noticed an ogre
  2068 | D:4      | Found an iron altar of Okawaru.
  2073 | D:3      | Learned a level 1 spell: Apportation
  2291 | D:4      | Slain by a scorpion

Illustrated notes

Levels and vault maps discovered:
D:1:      amcnicky_arrival_double_pillar, layout_basic
D:2:      layout_loops_ring, serial_shops, nicolae_shop_tiny_real_fake_doors
D:3:      layout_basic, shapermc_ecumenical_altar_mp_ritualfount, uniq_grinder
D:4:      layout_gridville, mainiacjoe_overflow_tiny_flanked,
          nicolae_specific_store

Skill      XL: |  1  2  3  4  5 |
---------------+----------------+-----
Armour         | 1 2 |  2.0
Ranged Weapons | 5 |  5.1
Fighting       | 3 |  3.0
Dodging        | 3 |  3.0
Stealth        | |  1.0
Spellcasting   | |  0.1
Translocations | |  0.2

Action                     |  1- 3 |  4- 6 || total
---------------------------+-------+-------++-------
   Fire: Shortbow          |    86 |   109 ||   195
    Use: Scroll            |       |     4 ||     4
         Potion            |       |     2 ||     2
 Armour: Leather armour    |    12 |       ||    12
         Ring mail         |     7 |    46 ||    53
  Dodge: Dodged            |    35 |    38 ||    73
  Block: Other             |       |    13 ||    13
         Reflection        |       |     2 ||     2

Table legend: (Time is in decaauts)
 A = Elapsed time spent in this place.
 B = Non-inter-level travel time spent in this place.
 C = Inter-level travel time spent in this place.
 D = Time resting spent in this place.
 E = Time spent auto-exploring this place.
 F = Levels seen in this place.
 G = Mean time per level.
                   A        B        C        D        E       F      G
               +--------+--------+--------+--------+--------+-----+--------+
         Total |   2342 |   2249 |     93 |    108 |   1614 |   4 |  585.5 |
       Dungeon |   2342 |   2249 |     93 |    108 |   1614 |   4 |  585.5 |
               +--------+--------+--------+--------+--------+-----+--------+

Top non-repeatable levels by time:
     D:1: 945 daAuts
     D:2: 692 daAuts
     D:3: 514 daAuts
     D:4: 189 daAuts
